Map: Battle on the Boardwalk LE

Players

SamuraiFunn

  • Race: Protoss Protoss
  • League: Platinum
  • Spawn Location: 1:00

A.I. 1 (Elite) - Winner!

  • Race: Protoss Protoss
  • Spawn Location: 11:00

VOD

Have the link to the VOD?

Description

Time

  • Played on: Dec. 1, 2017, 10:38 p.m.
  • Length: 12:40
Show
View Real Time Build Order
Export as new Build Order

SamuraiFunn Protoss 

Build Orders:  

Get SALT Encoding   

  12  0:00  Probe  
  13  0:13  Probe  
  14  0:18  Pylon  
  14  0:28  Probe  
  15  0:40  Probe  
  16  0:43  Gateway  
  16  0:52  Probe  
  17  0:57  Pylon  
  17  1:04  Probe  
  17  1:07  Assimilator  
  18  1:16  Probe  
  19  1:32  Cybernetics Core  
  19  1:37  Probe  
  20  1:42  Assimilator  
  20  1:43  Gateway  
  20  1:46  Gateway  
  20  1:50  Probe  
  21  2:00  Pylon  
  21  2:02  Probe  
  22  2:08  Warp Gate (Chrono Boost)  
  22  2:14  Probe  
  23  2:30  Gateway  
  23  2:33  Stalker  
  25  2:40  Stalker  
  27  2:46  Stalker  
  30  2:51  Probe  
  30  3:03  Probe  
  31  3:10  Twilight Council  
  31  3:24  Nexus  
  31  3:31  Pylon  
  31  3:38  Stalker  
  31  3:59  Probe  
  32  4:07  Stalker x2  
  36  4:11  Probe  
  36  4:13  Blink (Chrono Boost)  
  37  4:23  Probe  
  38  4:26  Stalker  
  40  4:33  Stalker  
  40  4:35  Probe  
  40  4:36  Probe  
  34  4:54  Stalker x2  
  34  4:55  Stalker  
  36  5:08  Stalker  
  38  5:16  Probe x2  
  40  5:22  Shield Battery  
  40  5:28  Probe x2, Stalker  
  43  5:29  Stalker  
  46  5:39  Stalker  
  46  5:40  Probe x2  
  50  5:46  Stalker  
  52  5:56  Probe x2  
  54  6:05  Stalker x2  
  54  6:06  Stalker  
  60  6:19  Stalker  
  62  6:33  Pylon  
  62  6:34  Pylon  
  48  6:53  Stalker  
  48  6:54  Stalker x2  
  48  7:09  Stalker  
  46  7:17  Stalker x2  
  46  7:18  Stalker  
  40  7:38  Stalker  
  40  7:48  Gateway  
  40  7:50  Gateway  
  40  7:53  Gateway, Stalker x3  
  40  7:57  Assimilator  
  46  8:02  Assimilator  
  46  8:05  Probe  
  47  8:08  Shield Battery  
  47  8:10  Probe  
  48  8:17  Probe  
  49  8:22  Probe  
  49  8:24  Stalker  
  49  8:25  Stalker x2  
  56  8:28  Zealot  
  56  8:29  Probe  
  59  8:54  Nexus  
  59  8:56  Pylon  
  59  8:57  Stalker  
  59  8:58  Pylon  
  59  8:59  Stalker  
  59  9:01  Assimilator  
  63  9:07  Pylon, Stalker  
  63  9:08  Stalker  
  67  9:11  Stalker x2  
  71  9:18  Stalker  
  73  9:27  Probe x2  
  75  9:38  Forge  
  73  9:39  Probe x2  
  57  10:13  Stalker  
  59  10:15  Stalker x2  
  59  10:16  Stalker  
  46  10:42  Stalker x2  
  44  10:43  Stalker  
  41  11:00  Gateway  
Show
View Real Time Build Order
Export as new Build Order

A.I. 1 (Elite) Protoss - Winner!

Build Orders: Zealot Archon, Dark Templar Rush 

Get SALT Encoding   

  12  0:00  Probe  
  13  0:13  Probe  
  14  0:19  Pylon  
  14  0:25  Probe  
  15  0:37  Probe  
  15  0:39  Gateway  
  16  0:47  Assimilator  
  16  0:49  Probe  
  17  1:01  Probe  
  17  1:02  Pylon  
  18  1:13  Probe  
  19  1:25  Probe  
  19  1:31  Cybernetics Core  
  19  1:32  Zealot  
  22  1:38  Probe  
  22  1:39  Assimilator  
  23  1:50  Probe  
  24  1:59  Zealot  
  26  2:02  Probe  
  26  2:08  Twilight Council  
  27  2:11  Warp Gate  
  27  2:14  Probe  
  28  2:25  Pylon  
  28  2:26  Probe  
  29  2:30  Stalker  
  31  2:44  Gateway  
  31  2:53  Probe, Dark Shrine  
  33  3:05  Probe  
  33  3:10  Gateway  
  33  3:17  Probe  
  33  3:19  Pylon  
  34  3:25  Zealot  
  36  3:29  Probe  
  36  3:31  Zealot  
  35  3:53  Zealot  
  37  3:57  Pylon, Stalker  
  37  3:58  Zealot  
  40  4:20  Robotics Facility  
  40  4:27  Adept  
  42  4:33  Dark Templar  
  42  4:34  Adept  
  45  4:48  Dark Templar  
  43  4:56  Nexus  
  43  4:59  Archon  
  43  5:03  Dark Templar  
  39  5:10  Dark Templar  
  41  5:18  Archon  
  41  5:20  Dark Templar  
  43  5:35  Zealot  
  45  5:42  Dark Templar  
  47  5:48  Archon  
  47  5:49  Pylon  
  47  5:52  Zealot  
  49  6:05  Dark Templar  
  51  6:16  Assimilator  
  51  6:22  Probe, Assimilator  
  52  6:26  Probe  
  52  6:28  Dark Templar  
  55  6:34  Probe  
  55  6:36  Stalker  
  55  6:38  Probe  
  53  6:40  Zealot  
  53  6:46  Probe  
  56  6:50  Probe  
  56  6:53  Archon  
  55  7:00  Zealot, Dark Templar  
  55  7:01  Stalker  
  57  7:11  Probe  
  57  7:13  Probe  
  55  7:20  Adept  
  53  7:23  Probe  
  53  7:24  Sentry  
  53  7:29  Probe  
  55  7:32  Stalker  
  55  7:35  Probe  
  58  7:40  Adept  
  58  7:41  Probe, Observer  
  62  7:47  Probe, Stalker  
  65  7:53  Probe  
  65  7:55  Sentry  
  68  7:59  Probe, Pylon  
  68  8:00  Dark Templar  
  68  8:05  Probe  
  72  8:10  Archon, Stalker  
  72  8:11  Probe  
  75  8:17  Probe  
  75  8:19  Dark Templar  
  78  8:25  Pylon  
  78  8:26  Probe  
  79  8:29  Probe  
  79  8:32  Zealot  
  79  8:34  Dark Templar  
  84  8:38  Probe  
  85  8:48  Pylon  
  85  8:51  Stalker  
  85  8:52  Archon  
  85  8:53  Dark Templar  
  89  9:06  Stalker  
  89  9:08  Forge  
  91  9:13  Pylon  
  91  9:14  Dark Templar  
  93  9:23  Pylon  
  93  9:26  Pylon, Stalker  
  93  9:29  Stalker  
  97  9:42  Protoss Ground Armor Level 1  
  95  9:47  Stalker  
  95  9:48  Nexus, Stalker  
  88  9:59  Stalker  
  76  10:17  Forge  
  70  10:31  Probe  
  46  12:03  Probe  
  41  12:23  Probe  
Tags
 
Add a new tag
Caveats
  • Supply blocks, unpowered buildings, or Contaminate may cause inaccurate times.
  • Supply counts are checked every 10 seconds.